 Dungeon Crawl Stone Soup version 0.25-a0-589-g1e14c549ee (webtiles) character file.

Game seed: 15351006526914175661, levelgen mode: deterministic

455 Mobile the Skirmisher (level 7, 0/52 HPs)
             Began as an Octopode Wizard on Mar 12, 2020.
             Killed from afar by an orc wizard (6 damage)
             ... with a puff of flame
             ... on level 4 of the Dungeon.
             The game lasted 00:08:03 (3184 turns).

Mobile the Skirmisher (Octopode Wizard)             Turns: 3184, Time: 00:08:03

Health: 0/52       AC:  1    Str:  6    XL:     7   Next: 5%
Magic:  12/12      EV: 17    Int: 21    God:
Gold:   171        SH:  0    Dex: 12    Spells: 12/13 levels left

rFire    . . .     SeeInvis +   j - +2 dagger (elec)
rCold    . . .     Gourm    .   (no shield)
rNeg     . . .     Faith    .   a - +0 hat
rPois    .         Spirit   .   (no amulet)
rElec    .         Reflect  .   k - ring of see invisible (curse)
rCorr    .         Harm     .   m - +4 ring of evasion
MR       .....                  o - ring of stealth
Stlth    ++++......             (no ring)
HPRegen  0.17/turn              (no ring)
MPRegen  0.13/turn              (no ring)
                                (no ring)
                                (no ring)

@: no status effects
A: almost no armour, stealthy swim, amphibious, 8 rings, constrict 8, camouflage
1, gelatinous body 1
a: no special abilities


You were on level 4 of the Dungeon.
You were not hungry.

You visited 1 branch of the dungeon, and saw 4 of its levels.

You collected 171 gold pieces.

Inventory:

Hand Weapons
 e - a +0 club
 f - a +0 dagger of venom
 j - a +2 dagger of electrocution (weapon)
 p - a +1 short sword of draining
Armour
 a - a +0 hat (worn)
Jewellery
 k - a cursed ring of see invisible (left tentacle)
 m - a +4 ring of evasion (right tentacle)
 o - a ring of stealth (on tentacle)
Scrolls
 b - 5 scrolls of identify
 h - a scroll of blinking {unknown}
 n - a scroll of immolation {unknown}
 r - a scroll of teleportation {unknown}
Potions
 d - a potion of stabbing {unknown}
 g - 3 potions of curing
 i - a potion of degeneration {unknown}
 l - a potion of heal wounds {unknown}
Comestibles
 c - 8 rations


   Skills:
 + Level 6.3 Fighting
 - Level 0.5 Short Blades
 - Level 2.0 Dodging
 - Level 3.2 Stealth
 - Level 3.7 Spellcasting
 - Level 1.0 Conjurations
   Level 1.0 Summonings
   Level 1.0 Translocations


You had 12 spell levels left.
You knew the following spells:

 Your Spells              Type           Power        Failure   Level  Hunger
a - Magic Dart            Conj           #...         9%          1    None

Your spell library contained the following spells:

 Spells                   Type           Power        Failure   Level  Hunger
 Blink                    Tloc           N/A          12%         2    ##.....
 Call Imp                 Summ           #.......     12%         2    ##.....
 Slow                     Hex            #.......     19%         2    ##.....
 Conjure Flame            Conj/Fire      #.......     30%         3    ###....
 Mephitic Cloud           Conj/Pois/Air  #.......     32%         3    ###....
 Ice Form                 Ice/Tmut       #.......     77%         4    ####...
 Metabolic Englaciation   Hex/Ice        #.........   98%         5    ######.
 Freezing Cloud           Conj/Ice/Air   #.........   100%        6    #######
 Ozocubu's Refrigeration  Ice            #.........   100%        6    #######
 Simulacrum               Ice/Necr       #.........   100%        6    #######


Dungeon Overview and Level Annotations

Branches:
Dungeon (4/15)
 Temple: D:4-7

Altars:
Okawaru
Vehumet

Annotations:
D:4 Grinder, Pikel


Innate Abilities, Weirdness & Mutations

You cannot wear most types of armour.
You are very stealthy in the water. (Stealth+)
You are amphibious.
You can wear up to eight rings at the same time.
You can use your tentacles to constrict eight enemies at once.
Your skin changes colour to match your surroundings (Stealth+).
Your rubbery body absorbs attacks. (AC +1, EV +1)


Message History

The slave shouts!
The orc wizard points at you and mumbles some strange words.
The magic dart hits you!
* * * LOW HITPOINT WARNING * * *
You feel better. The slave closely misses you.
The orc wizard hits you but does no damage.
Grinder blinks!
Pikel hits you with a +0 whip of freezing!
* * * LOW HITPOINT WARNING * * *
Pikel freezes you.
* * * LOW HITPOINT WARNING * * *
You feel better.
The orc wizard is no longer moving quickly.
The orc wizard gestures at you while chanting.
The puff of frost hits you.
* * * LOW HITPOINT WARNING * * *
The slave barely misses you.
The orc wizard points at you and mumbles some strange words.
The puff of flame hits you.
You die...

. #..###..#.....##...##....#...#.
.##...#...#......................
.............................##..
.#(O##................#.......#..
#...##.............####.....###.
#.o.##......#..##...###.....###.
#...##.....p....##...........##.
##...#.......pp.#............<..
#........o..pK@##..............
##.........o.o.[...............
#.....#....##.....###.........
##.#############....#..#......
### #................
###..##.#........##
###.#...#.#........#
#.................##
##..........>.#####


You could see Pikel, 4 slaves, an orc wizard (invisible) and 2 orcs.

Vanquished Creatures
  A howler monkey (D:4)
  2 orc priests (D:3)
  Terence (D:2)
  Natasha (thrice) (D:2)
  3 worker ants (D:4)
  6 gnolls
  A howler monkey skeleton (D:4)
  3 adders
  4 worms
  4 dart slugs
  3 leopard geckos
  3 orcs (D:3)
  7 bats
  A giant cockroach (D:1)
  10 goblins
  7 hobgoblins
  2 jackals (D:2)
  6 kobolds
  6 frilled lizards
  A jackal skeleton (D:4)
  A quokka skeleton (D:4)
  9 rats
84 creatures vanquished.

Notes
Turn   | Place    | Note
-------+----------+-------------------------------------------
     0 | D:1      | Mobile the Octopode Wizard began the quest for the Orb.
     0 | D:1      | Reached XP level 1. HP: 11/11 MP: 4/4
   300 | D:1      | Reached XP level 2. HP: 13/17 MP: 6/6
   675 | D:1      | Reached XP level 3. HP: 19/21 MP: 8/8
  1086 | D:2      | Noticed Natasha
  1091 | D:2      | Killed Natasha
  1091 | D:2      | Reached skill level 1 in Fighting
  1126 | D:2      | Reached skill level 2 in Fighting
  1126 | D:2      | Reached XP level 4. HP: 18/29 MP: 9/9
  1128 | D:2      | Noticed Natasha
  1416 | D:2      | Found a radiant altar of Vehumet.
  1418 | D:2      | You fall into a shaft and drop 1 floor!
  1596 | D:2      | Found an iron altar of Okawaru.
  1624 | D:2      | Noticed Terence
  1644 | D:2      | Killed Terence
  1644 | D:2      | Reached skill level 3 in Fighting
  1741 | D:2      | Killed Natasha
  1741 | D:2      | Reached XP level 5. HP: 29/36 MP: 10/10
  1759 | D:2      | Noticed Natasha
  1765 | D:2      | Killed Natasha
  1841 | D:2      | Reached skill level 4 in Fighting
  2303 | D:3      | Reached XP level 6. HP: 19/44 MP: 11/11
  2650 | D:3      | Reached skill level 5 in Fighting
  2909 | D:4      | Reached skill level 6 in Fighting
  2945 | D:4      | Reached XP level 7. HP: 35/52 MP: 12/12
  3149 | D:4      | Noticed Pikel
  3150 | D:4      | Noticed Grinder
  3184 | D:4      | Killed from afar by an orc wizard

Levels and vault maps discovered:
D:1:      dpeg_arrival_pond, layout_rooms, minmay_tetromino_o4
D:2:      layout_loops_cross, lemuel_round_altar,
          nicolae_overflow_hidden_temple, kennysheep_okawaru_gauntlet,
          minmay_bisected, uniq_terence, uniq_natasha
D:3:      layout_rooms
D:4:      layout_cave_pools, uniq_pikel, uniq_grinder

Skill      XL: |  1  2  3  4  5  6 |
---------------+-------------------+-----
Stealth        | 3 |  3.2
Fighting       | 2 3 4 6 |  6.3
Short Blades   | |  0.5
Dodging        | |  2.0
Spellcasting   | |  3.7
Conjurations   | |  1.0
Summonings     | |  1.0
Translocations | |  1.0

Action                   |  1- 3 |  4- 6 |  7- 9 || total
-------------------------+-------+-------+-------++-------
Melee: Unarmed           |     8 |       |       ||     8
       Constrict         |    16 |    29 |     1 ||    46
       Dagger            |    40 |   134 |     4 ||   178
       Club              |     4 |       |       ||     4
       Tentacles         |     7 |    19 |       ||    26
  Use: Scroll            |       |     3 |       ||     3
       Potion            |       |       |     2 ||     2
 Stab: Sleeping          |     7 |     7 |     1 ||    15
  Eat: Chunk             |     1 |     5 |     1 ||     7
Armor: Skin              |     4 |     7 |       ||    11
Dodge: Dodged            |    27 |   103 |    10 ||   140

Table legend:
 A = Non-vault XP
 B = Vault XP
 C = Vault XP percentage of total XP
 D = Non-vault monster count
 E = Vault monster count
 F = Vault count percentage of total count
                 A         B        C        D         E       F
            +---------+---------+-------+---------+---------+-------
      Total |     565 |      86 |  13.2 |      75 |       9 |  10.7
            +---------+---------+-------+---------+---------+-------
        D:1 |      31 |      10 |  24.4 |      18 |       4 |  18.2
        D:2 |     169 |      76 |  31.0 |      20 |       5 |  20.0
        D:3 |     140 |       0 |   0.0 |      24 |       0 |   0.0
        D:4 |     225 |       0 |   0.0 |      13 |       0 |   0.0
            +---------+---------+-------+---------+---------+-------
